 Dungeon Crawl Stone Soup version 0.19.1 (webtiles) character file.

51 Idleism the Ruffian (level 3, -6/54 HPs)
             Began as a Troll Berserker on Dec 7, 2016.
             Was a Believer of Trog.
             Mangled by a gnoll
             ... wielding a +0 spear
              (7 damage)
             ... on level 2 of the Dungeon.
             The game lasted 00:03:37 (880 turns).

Idleism the Ruffian (Troll Berserker)                Turns: 880, Time: 00:03:37

Health: -6/54      AC:  5    Str: 31    XL:     3   Next: 57%
Magic:  2/2        EV: 10    Int:  3    God:    Trog [**....]
Gold:   83         SH:  0    Dex: 11    Spells: 0 memorised, 2 levels left

rFire  . . .     SeeInvis .       - Unarmed
rCold  . . .     Gourm    +     a - +0 animal skin
rNeg   . . .     Faith    .     (no shield)
rPois  .         Spirit   .     (helmet restricted)
rElec  .         Reflect  .     (no cloak)
rCorr  .         Harm     .     (gloves unavailable)
MR     .....                    (boots unavailable)
Stlth  ..........               (no amulet)
                                m - +2 ring of dexterity
                                (no ring)

@: berserking (expiring), very quick
A: unfitting armour, claws 3, fast metabolism 3, gourmand, regeneration 1,
shaggy fur 1, tough skin 2
a: Berserk, Trog's Hand, Burn Spellbooks, Renounce Religion


You were on level 2 of the Dungeon.
You worshipped Trog.
Trog was pleased with you.
You were very full.

You visited 1 branch of the dungeon, and saw 2 of its levels.

You collected 83 gold pieces.

Inventory:

Armour
 a - a +0 animal skin (worn)
Jewellery
 m - a +2 ring of dexterity (right claw)
 r - an uncursed ring of ice
Scrolls
 e - a scroll of enchant armour {unknown}
 f - 3 scrolls of identify {unknown}
 g - a scroll of fog {unknown}
 i - a scroll of recharging {unknown}
 l - a scroll of random uselessness {unknown}
 n - a scroll of blinking {unknown}
 o - a scroll of enchant weapon {unknown}
 p - a scroll of magic mapping {unknown}
Potions
 c - a potion of degeneration {unknown}
 h - 2 potions of curing {unknown}
Comestibles
 b - 4 bread rations
 d - a beef jerky
 k - a meat ration
 q - 4 fruits


   Skills:
 - Level 2.7 Fighting
 - Level 2.6 Dodging
 + Level 4.1 Unarmed Combat


You had 2 spell levels left.
You didn't know any spells.

Dungeon Overview and Level Annotations

Branches:
Dungeon (2/15)

Altars:

Annotations:
D:2 Sigmund


Innate Abilities, Weirdness & Mutations

You are too large for most types of armour.
You have claws for hands.
Your metabolism is lightning-fast.
You like to eat raw meat.
Your natural rate of healing is unusually fast.
You are covered in fur. (AC +1)
You have very tough skin. (AC +2)


Message History

Sigmund points at you and mumbles some strange words.
The magic dart hits you!
You closely miss Sigmund.
Sigmund is moderately wounded.
The gnoll hits you with a spear!
* * * LOW HITPOINT WARNING * * *
You barely miss Sigmund.
Sigmund is moderately wounded.
Sigmund hits you with a scythe.
* * * LOW HITPOINT WARNING * * *
The gnoll hits you with a spear.
* * * LOW HITPOINT WARNING * * *
You closely miss Sigmund.
Sigmund is moderately wounded.
The gnoll hits you with a spear.
* * * LOW HITPOINT WARNING * * *
You closely miss Sigmund.
Sigmund is moderately wounded.
The gnoll hits you but does no damage. The gnoll hits you with a spear!
You die...

#.# #.........# #.#
##.#####.##
#####.####.# #.#
#..........# #+##
#.###(.....# #.$.#
#..###.## #.....
##.#.##.# #......
.#.....#.##g......
#..........@g......
###.....####@......
##.#.## #......
#.### #..... #.
#...# #. #+##


You could see Sigmund and 2 gnolls.

Vanquished Creatures
  2 gnolls (D:2)
  A worm (D:2)
  A dart slug (D:2)
  3 bats
  2 giant cockroaches
  A goblin (D:1)
  6 hobgoblins
  4 kobolds
  3 frilled lizards (D:2)
  2 rats
25 creatures vanquished.

Notes
Turn   | Place    | Note
-------+----------+-------------------------------------------
     0 | D:1      | Idleism the Troll Berserker began the quest for the Orb.
     0 | D:1      | Reached XP level 1. HP: 22/22 MP: 0/0
   221 | D:1      | Reached XP level 2. HP: 29/29 MP: 1/1
   720 | D:2      | Reached ** piety under Trog
   848 | D:2      | Reached XP level 3. HP: 34/36 MP: 2/2
   864 | D:2      | Noticed Sigmund
   872 | D:2      | Reached skill level 4 in Unarmed Combat
   878 | D:2      | HP: 1/54 [gnoll/spear (2)]
   880 | D:2      | Mangled by a gnoll

Skill      XL: |  1  2  3 |
---------------+----------+-----
Unarmed Combat | 4 |  4.1
Fighting       | |  2.7
Dodging        | |  2.6

Action                   || total
-------------------------++-------
Melee: Unarmed           ||    79
       Punch             ||     2
Invok: Berserk           ||     1
  Eat: Chunk             ||    13
Armor: Animal skin       ||    28
Dodge: Dodged            ||    47
